 Dungeon Crawl Stone Soup version 0.29.1-13-g9f3cf754e1 (webtiles) character file.

Game seed: 5994475609734228719

102 LustLizard the Cutter (level 4, 0/34 HPs)
             Began as a Merfolk Gladiator on Jan 21, 2023.
             Slain by Ijyb
             ... wielding a +2 spectral club
              (2 damage)
             ... on level 3 of the Dungeon.
             The game lasted 00:03:50 (2895 turns).

LustLizard the Cutter (Merfolk Gladiator)           Turns: 2895, Time: 00:03:51

Health: 0/34       AC:  7    Str: 14    XL:     4   Next: 78%
Magic:  4/4        EV: 10    Int:  9    God:
Gold:   149        SH:  6    Dex: 15    Spells: 3/3 levels left

rFire   . . .      SeeInvis .   a - +0 rapier
rCold   . . .      Faith    .   l - +2 buckler
rNeg    . . .      Spirit   .   f - +0 scale mail
rPois   .          Reflect  .   c - +0 helmet
rElec   .          Harm     .   (no cloak)
rCorr   .          Rampage  .   (no gloves)
Will    +....                   (no boots)
Stlth   +.........              (no amulet)
HPRegen 0.11/turn               o - ring of willpower
MPRegen 0.09/turn               (no ring)

@: no status effects
A: (nimble swimmer 2), mertail
a: no special abilities


You were on level 3 of the Dungeon.
You visited 1 branch of the dungeon, and saw 3 of its levels.

You collected 149 gold pieces.

Inventory:

Hand Weapons
 a - a +0 rapier (weapon)
Missiles
 i - 20 stones (quivered)
Armour
 b - a +0 leather armour
 c - a +0 helmet (worn)
 f - a +0 scale mail (worn)
 l - a +2 buckler (worn)
Jewellery
 o - a ring of willpower (left hand)
Scrolls
 g - 2 scrolls of immolation {unknown}
 h - a scroll of magic mapping {unknown}
 j - 2 scrolls of identify {unknown}
 k - 2 scrolls of teleportation {unknown}
 m - a scroll of poison {unknown}
Potions
 n - a potion of brilliance {unknown}
 p - a potion of invisibility {unknown}


   Skills:
 + Level 2.9 Fighting
 * Level 4.9 Short Blades
 + Level 2.7 Throwing
 - Level 4.0 Dodging
 + Level 2.1 Stealth
 + Level 0.4 Shields


You had 3 spell levels left.
You didn't know any spells.
Your spell library was empty.

Dungeon Overview and Level Annotations

Branches:
Dungeon (3/15)

Altars:
Fedhas

Annotations:
D:3 Ijyb


Innate Abilities, Weirdness & Mutations

((You are very nimble when in or above water. (Stealth+, EV+, Speed+++)))
Your lower body shifts to a powerful aquatic tail in water.


Message History

You throw a stone. The stone hits Ijyb but does no damage.
Ijyb is moderately wounded.
Ijyb hits you with a +2 spectral club. Ijyb closely misses you.
Throw: 2 throwing nets
Press: ? - help, Q - select action, (/) - cycle Shift-Dir - straight line, f/p - Ijyb
Aim: Ijyb, wielding a +2 spectral club, wearing a +0 leather armour and carrying a wand of flame (12) (moderately wounded, berserk, 53% to hit)
You throw a throwing net. The throwing net hits Ijyb.
Ijyb is caught in the net!
Ijyb is moderately wounded.
Ijyb struggles against the net.
You hit Ijyb.
Ijyb is moderately wounded.
Ijyb struggles against the net. x2
You hit Ijyb but do no damage.
Ijyb is moderately wounded.
Ijyb struggles against the net.
The net rips apart, and Ijyb comes free!
Throw: throwing net
Press: ? - help, Q - select action, (/) - cycle Shift-Dir - straight line, f/p - Ijyb
Aim: Ijyb, wielding a +2 spectral club, wearing a +0 leather armour and carrying a wand of flame (12) (moderately wounded, berserk, 53% to hit)
You throw a throwing net. The throwing net closely misses Ijyb.
Ijyb hits you with a +2 spectral club.
Throw: javelin
Press: ? - help, Q - select action, (/) - cycle Shift-Dir - straight line, f/p - Ijyb
Aim: Ijyb, wielding a +2 spectral club, wearing a +0 leather armour and carrying a wand of flame (12) (moderately wounded, berserk, 53% to hit)
You throw a javelin. The javelin closely misses Ijyb.
Ijyb hits you with a +2 spectral club. Ijyb closely misses you.
You hit Ijyb.
Ijyb is moderately wounded.
Ijyb misses you. x2
You hit Ijyb but do no damage.
Ijyb is moderately wounded.
Ijyb hits you with a +2 spectral club.
* * * LOW HITPOINT WARNING * * *
You completely miss Ijyb.
Ijyb is moderately wounded.
Ijyb hits you with a +2 spectral club.
* * * LOW HITPOINT WARNING * * *
Ijyb hits you with a +2 spectral club.
You die...

. .# .# #.# .# ##. .#
.######.##. .#
........... .#
.#.######## .#
.#.##############g######
.#..............@.......
.#.#####################
.#.# .### .#


You could see Ijyb (berserk).

Vanquished Creatures
  3 adders (D:2)
  4 worms (D:2)
  4 dart slugs
  3 orcs (D:3)
  6 ball pythons
  5 endoplasms
  A giant cockroach (D:2)
  3 goblins
  5 hobgoblins
  3 jackals (D:1)
  2 kobolds
  3 quokkas (D:1)
  2 bats
  4 frilled lizards
  3 rats
51 creatures vanquished.

Notes
Turn   | Place    | Note
-------+----------+-------------------------------------------
     0 | D:1      | LustLizard the Merfolk Gladiator began the quest for the
                  | Orb.
     0 | D:1      | Reached XP level 1. HP: 16/16 MP: 1/1
   248 | D:1      | Reached XP level 2. HP: 20/23 MP: 2/2
   474 | D:1      | Reached skill level 1 in Stealth
   693 | D:1      | Reached XP level 3. HP: 28/28 MP: 3/3
   707 | D:1      | Found a faded altar of an unknown god.
  1006 | D:2      | Found a blossoming altar of Fedhas.
  1427 | D:2      | Reached XP level 4. HP: 8/34 MP: 4/4
  2882 | D:3      | Noticed Ijyb
  2895 | D:3      | Slain by Ijyb

Illustrated notes

Levels and vault maps discovered:
D:1:      elethiomel_arrival_maze, layout_rooms,
          hellmonk_ecumenical_altar_heavens_door
D:2:      layout_loops_ring, basic_altar, eino_curves_04, minmay_split_cup_large
D:3:      kb_forest_paths, layout_basic, general_overflow_altar,
          mainiacjoe_overflow_swirl, minmay_parallelograms,
          uniq_crazy_yiuf_cottage, uniq_grinder, uniq_ijyb

Skill      XL: |  1  2  3  4 |
---------------+-------------+-----
Short Blades   | 4 |  4.9
Stealth        | 1 2 |  2.1
Fighting       | |  2.9
Throwing       | |  2.7
Dodging        | |  4.0
Shields        | |  0.4

Action                   |  1- 3 |  4- 6 || total
-------------------------+-------+-------++-------
Melee: Rapier            |   139 |   106 ||   245
       Punch             |     1 |       ||     1
Throw: Stone             |     9 |     2 ||    11
       Throwing net      |       |     3 ||     3
       Javelin           |       |     1 ||     1
Armor: Scale mail        |    56 |    27 ||    83
Dodge: Dodged            |    63 |    29 ||    92
Block: Buckler           |       |    12 ||    12
